Map: Ascension to Aiur LE

Players

Neeb - Winner!

  • Race: Protoss Protoss
  • Spawn Location: 5:00

SortOf

  • Race: Zerg Zerg
  • Spawn Location: 11:00

Event: WCS Jonkoping 2017

VOD

Have the link to the VOD?

Description

Time

  • Played on: June 18, 2017, 12:49 p.m.
  • Length: 7:57

All games in this series

Show
View Real Time Build Order
Export as new Build Order

Neeb Protoss - Winner!

Build Orders: 1 Gate Expand, Oracle Opening 

Get SALT Encoding   

  12  0:01  Probe (Chrono Boost)  
  13  0:13  Pylon  
  13  0:20  Probe (Chrono Boost)  
  14  0:31  Probe (Chrono Boost)  
  15  0:39  Gateway  
  15  0:41  Probe (Chrono Boost)  
  16  0:49  Assimilator  
  16  0:52  Probe (Chrono Boost)  
  17  1:02  Probe (Chrono Boost)  
  18  1:05  Pylon  
  18  1:13  Probe (Chrono Boost)  
  19  1:23  Probe (Chrono Boost)  
  20  1:29  Nexus  
  20  1:39  Cybernetics Core  
  20  1:41  Probe (Chrono Boost)  
  20  1:46  Assimilator  
  21  1:52  Probe (Chrono Boost)  
  22  1:56  Pylon  
  22  2:02  Probe (Chrono Boost)  
  23  2:14  Probe  
  23  2:15  Warp Gate, Adept (Chrono Boost)  
  26  2:26  Probe  
  27  2:36  Stargate  
  27  2:38  Probe  
  27  2:39  Probe  
  27  2:40  Adept (Chrono Boost)  
  31  2:50  Probe x2  
  33  3:01  Probe  
  33  3:02  Probe  
  33  3:03  Adept (Chrono Boost)  
  37  3:11  Probe  
  37  3:15  Probe  
  39  3:21  Oracle (Chrono Boost)  
  39  3:22  Pylon  
  42  3:27  Gateway  
  42  3:28  Probe  
  42  3:29  Probe, Gateway  
  44  3:40  Probe  
  42  3:41  Mothership Core  
  43  3:50  Probe  
  43  3:51  Pylon  
  44  3:59  Oracle (Chrono Boost)  
  44  4:01  Probe  
  48  4:02  Probe, Pylon  
  49  4:11  Probe  
  49  4:15  Probe  
  51  4:22  Probe, Adept x2  
  51  4:24  Adept  
  58  4:27  Probe  
  59  4:33  Phoenix (Chrono Boost)  
  59  4:34  Probe, Nexus  
  59  4:35  Pylon  
  62  4:40  Probe  
  62  4:45  Probe, Assimilator  
  63  4:48  Assimilator  
  63  4:51  Robotics Facility  
  63  4:52  Probe  
  65  4:55  Probe  
  66  5:04  Probe  
  66  5:06  Probe  
  67  5:10  Forge, Twilight Council  
  68  5:16  Probe x2  
  70  5:27  Probe, Gateway  
  70  5:28  Probe, Gateway x2  
  72  5:35  Sentry x2  
  72  5:38  Probe  
  72  5:40  Pylon  
  72  5:42  Probe  
  78  5:45  Pylon, Warp Prism (Chrono Boost)  
  78  5:46  Probe  
  78  5:47  Resonating Glaives  
  81  5:50  Probe  
  81  5:52  Adept  
  81  5:54  Probe  
  85  5:57  Protoss Ground Weapons Level 1 (Chrono Boost)  
  85  5:58  Probe  
  85  6:03  Probe  
  86  6:09  Gateway  
  86  6:13  Gateway x2  
  86  6:16  Warp Prism  
  86  6:17  Adept x2  
  92  6:28  Probe x2  
  92  6:29  Probe, Gateway  
  95  6:36  Pylon  
  95  6:39  Adept x4  
  103  6:41  Adept  
  103  6:50  Immortal, Adept  
  105  6:55  Pylon  
  105  6:56  Pylon  
  109  7:04  Adept x4  
  117  7:12  Pylon x3  
  117  7:22  Adept x4  
  125  7:34  Adept x3  
  125  7:35  Adept  
  99  7:55  Pylon  
Show
View Real Time Build Order
Export as new Build Order

SortOf Zerg 

Build Orders: Hatch First 

Get SALT Encoding   

  12  0:00  Drone  
  13  0:13  Overlord  
  13  0:17  Drone  
  14  0:31  Drone x2  
  14  0:35  Drone  
  17  0:51  Drone  
  17  0:57  Drone  
  19  1:00  Hatchery  
  18  1:06  Extractor  
  17  1:12  Spawning Pool  
  17  1:17  Drone  
  17  1:20  Drone  
  18  1:31  Drone  
  19  1:40  Overlord  
  19  1:50  Drone  
  20  1:55  Hatchery  
  19  2:07  Metabolic Boost  
  19  2:11  Queen  
  19  2:15  Drone  
  22  2:17  Zergling x2  
  23  2:26  Queen  
  23  2:29  Drone  
  26  2:32  Zergling x2  
  26  2:35  Zergling x2  
  28  2:38  Drone  
  28  2:40  Drone  
  31  2:44  Drone  
  31  2:48  Overlord  
  31  2:56  Drone x2  
  33  3:01  Queen  
  35  3:06  Drone  
  35  3:08  Zergling x4  
  37  3:19  Zergling x2  
  37  3:20  Drone x2  
  37  3:21  Drone  
  37  3:23  Queen  
  42  3:28  Spore Crawler  
  42  3:30  Drone  
  42  3:32  Drone  
  42  3:33  Drone  
  44  3:38  Drone x2  
  44  3:40  Drone  
  46  3:42  Overlord  
  46  3:45  Drone  
  46  3:49  Overlord  
  46  3:53  Spore Crawler, Drone  
  46  3:56  Drone x2  
  46  4:00  Drone  
  49  4:02  Lair  
  49  4:05  Drone  
  49  4:08  Drone x2  
  52  4:18  Zergling x6  
  52  4:19  Drone x3  
  52  4:22  Extractor  
  57  4:25  Spore Crawler  
  57  4:26  Overlord  
  57  4:27  Drone x2  
  58  4:31  Drone x2  
  58  4:33  Drone x2  
  58  4:37  Extractor x2, Drone  
  61  4:39  Drone x3  
  61  4:43  Drone  
  65  4:48  Baneling Nest  
  65  4:49  Zergling x2  
  65  4:50  Zergling x2  
  66  4:53  Zergling x4  
  68  5:03  Drone x2, Hydralisk Den  
  68  5:05  Overlord x2  
  68  5:07  Overlord  
  69  5:21  Overlord  
  69  5:27  Overlord  
  69  5:33  Hydralisk x4, Muscular Augments  
  69  5:34  Hydralisk  
  79  5:36  Zergling x14  
  79  5:38  Overlord  
  86  5:45  Extractor  
  86  5:46  Hydralisk x2  
  86  5:48  Zergling x6  
  92  6:02  Hydralisk x3  
  97  6:05  Hydralisk  
  97  6:06  Zergling x2  
  97  6:07  Zergling x8  
  97  6:08  Overlord  
  97  6:10  Overlord  
  103  6:18  Overlord  
  102  6:19  Overlord  
  102  6:20  Overlord  
  102  6:23  Hydralisk  
  102  6:24  Drone  
  105  6:26  Hydralisk  
  105  6:29  Hydralisk x2  
  111  6:36  Baneling x4  
  111  6:37  Baneling x3  
  111  6:41  Hydralisk  
  111  6:42  Zergling x2  
  111  6:43  Zergling x6  
  117  6:50  Zergling x12  
  117  6:52  Baneling x2  
  120  6:57  Zergling x8  
  123  7:02  Zergling x4  
  123  7:03  Zergling x4  
  123  7:07  Baneling  
  123  7:08  Baneling x6  
  127  7:10  Zergling x4  
  115  7:24  Zergling x14  
  115  7:27  Hydralisk  
  115  7:29  Hydralisk  
  106  7:33  Zergling x2  
Tags
 
Add a new tag
Caveats
  • Supply blocks, unpowered buildings, or Contaminate may cause inaccurate times.
  • Supply counts are checked every 10 seconds.